 Dungeon Sprint DCSS version 0.22-a0-388-g09e6169 (webtiles) character file.

6676 Kidiri the Eclecticist (level 10, -10/63 HPs)
             Began as a Deep Elf Fire Elementalist on Apr 29, 2018.
             Was a High Priest of Vehumet.
             Mangled by a catoblepas (15 damage)
             ... in the Dungeon (Sprint IX: "|||||||||||||||||||||||||||||").
             The game lasted 00:07:00 (2026 turns).

Kidiri the Eclecticist (Deep Elf Fire Elementalist) Turns: 2026, Time: 00:07:00

Health: -10/63     AC:  5    Str:  8    XL:     10   Next: 73%
Magic:  31/33      EV:  2    Int: 27    God:    Vehumet [*****.]
Gold:   17         SH:  0    Dex: 15    Spells: 26/44 levels left

rFire    . . .     SeeInvis .   d - +2 scimitar (slice)
rCold    . . .     Gourm    .   (no shield)
rNeg     + + +     Faith    .   a - +0 robe
rPois    ∞         Spirit   .   (no helmet)
rElec    .         Reflect  .   n - +0 cloak
rCorr    .         Harm     .   (no gloves)
MR       +....     NoTele   +   o - +0 pair of boots
Stlth    ++........             (no amulet)
HPRegen  0.20/turn              p - +3 ring of strength
MPRegen  0.23/turn              q - +3 ring of intelligence

@: petrified, studying Transmutations
A: no striking features
a: Renounce Religion


You were in the Dungeon.
You worshipped Vehumet.
Vehumet was extremely pleased with you.
You were not hungry.

You visited 1 branch You collected 17 gold pieces.

Inventory:

Hand Weapons
 d - a +2 scimitar of slicing (weapon)
 e - a +2 rapier of distortion
Armour
 a - a +0 robe (worn)
 n - a +0 cloak (worn)
 o - a +0 pair of boots (worn)
Jewellery
 p - a +3 ring of strength (left hand)
 q - a +3 ring of intelligence (right hand)
Wands
 h - a wand of iceblast (10)
Scrolls
 b - 4 scrolls of remove curse
 i - a scroll of blinking
 j - 2 scrolls of amnesia
 u - 2 scrolls of enchant armour
 v - a scroll of fear
 w - 2 scrolls of enchant weapon
 x - a scroll of fog
Potions
 f - a potion of haste
 g - 2 potions of magic
 k - a potion of invisibility
 l - 2 potions of heal wounds
 m - 5 potions of curing
 r - 2 potions of agility
 s - 2 potions of brilliance
Books
 t - a manual of Transmutations


   Skills:
 + Level 7.0 Fighting
 + Level 8.5 Short Blades
 + Level 7.1 Armour
 + Level 10.4 Dodging
 - Level 2.4 Stealth
 * Level 17.5 Spellcasting
 + Level 10.8 Conjurations
 + Level 11.4 Fire Magic


You had 26 spell levels left.
You knew the following spells:

 Your Spells              Type           Power        Failure   Level  Hunger
a - Flame Tongue          Conj/Fire      #####        0%          1    None
b - Throw Flame           Conj/Fire      ######       1%          2    None
c - Conjure Flame         Conj/Fire      ######..     1%          3    None
d - Inner Flame           Hex/Fire       ######..     1%          3    None
e - Sticky Flame          Conj/Fire      ######..     1%          4    None
f - Fireball              Conj/Fire      ######....   1%          5    None


Dungeon Overview and Level Annotations

Branches:
Dungeon (1/1)

Altars:
Cheibriados
Dithmenos
Elyvilon
Fedhas
Gozag
Hepliaklqana
Kikubaaqudgha
Makhleb
Nemelex Xobeh
Okawaru
Qazlal
Ru
Sif Muna
Trog
Uskayaw
Vehumet
Wu Jian
Xom
Yredelemnul
Zin
The Shining One
Beogh
Jiyva
Lugonu


Message History

The catoblepas breathes a plume of calcifying dust at you.
The blast of calcifying dust hits you!
You are engulfed in calcifying dust.
You are slowing down.
You are engulfed in calcifying dust.
Your limbs have turned to stone.
You have turned to stone.
You are engulfed in calcifying dust.
The catoblepas burns!
The catoblepas gores you!!
You are engulfed in calcifying dust.
The catoblepas burns!
The catoblepas gores you but does no damage.
You are engulfed in calcifying dust.
The catoblepas burns!
The catoblepas gores you!!
You are engulfed in calcifying dust.
The catoblepas burns!
The catoblepas gores you.
The catoblepas burns!
The catoblepas gores you!
* * * LOW HITPOINT WARNING * * *
The catoblepas burns!
The catoblepas gores you!!
* * * LOW HITPOINT WARNING * * *
The catoblepas burns!
The catoblepas stops burning.
The catoblepas gores you!!
You die...

▓)▓.▓.▓
▓|▓.▓.▓
▓.▓.▓.▓
▓.▓.▓.▓
▓'▓.▓'▓
▓_▓.▓.▓
▓_▓.▓.▓
▓_▓.▓Y▓
▓_▓.▓@▓
▓_▓.▓.▓
▓_▓.▓.▓
▓_▓.▓.▓
▓_▓.▓.▓
▓_▓.▓÷▓
▓_▓.▓'▓
▓_▓.▓.▓
▓_▓.▓.▓


You could see a catoblepas.

Vanquished Creatures
  4 death yaks (D)
  An ugly thing (D)
  A black mamba (D)
  A rime drake (D)
  A troll (D)
  2 hippogriffs (D)
  A wraith (D)
  7 yaks (D)
  A wyvern (D)
  A basilisk (D)
  A soldier ant (D)
  4 porcupines (D)
  An ice beast (D)
  A black bear (D)
  An ogre (D)
  A necrophage (D)
  A wolf (D)
  4 bullfrogs (D)
  A crimson imp (D)
  A quasit (D)
  A jelly (D)
  2 worker ants (D)
  An adder zombie (D)
  An ooze (D)
  A dart slug (D)
  A giant cockroach (D)
  2 quokkas (D)
  A ball python (D)
  A bat (D)
47 creatures vanquished.

Notes
Turn   | Place    | Note
-------+----------+-------------------------------------------
     0 | D        | Kidiri the Deep Elf Fire Elementalist began the quest for the Orb.
     0 | D        | Reached XP level 1. HP: 10/10 MP: 6/6
     5 | D        | Reached skill level 4 in Spellcasting
    73 | D        | Reached XP level 2. HP: 15/15 MP: 7/9
    86 | D        | Learned a level 2 spell: Throw Flame
   119 | D        | Noticed a crimson imp
   119 | D        | Noticed a necrophage
   123 | D        | Reached skill level 5 in Spellcasting
   127 | D        | Killed a necrophage
   127 | D        | Reached skill level 8 in Spellcasting
   127 | D        | Reached skill level 5 in Fire Magic
   127 | D        | Reached XP level 3. HP: 18/19 MP: 1/15
   127 | D        | Reached XP level 4. HP: 23/24 MP: 1/16
   135 | D        | Reached skill level 9 in Spellcasting
   135 | D        | Reached skill level 5 in Conjurations
   205 | D        | Found a roughly hewn altar of Beogh.
   205 | D        | Found a snail-covered altar of Cheibriados.
   205 | D        | Found a shadowy altar of Dithmenos.
   205 | D        | Found a white marble altar of Elyvilon.
   205 | D        | Found a blossoming altar of Fedhas.
   205 | D        | Found an opulent altar of Gozag.
   206 | D        | Found a hazy altar of Hepliaklqana.
   207 | D        | Found a viscous altar of Jiyva.
   209 | D        | Found an ancient bone altar of Kikubaaqudgha.
   210 | D        | Found a corrupted altar of Lugonu.
   211 | D        | Found a burning altar of Makhleb.
   212 | D        | Found a sparkling altar of Nemelex Xobeh.
   213 | D        | Found an iron altar of Okawaru.
   220 | D        | Found a stormy altar of Qazlal.
   221 | D        | Found a sacrificial altar of Ru.
   222 | D        | Found a deep blue altar of Sif Muna.
   223 | D        | Found a bloodstained altar of Trog.
   224 | D        | Found a hide-covered altar of Uskayaw.
   236 | D        | Found a radiant altar of Vehumet.
   237 | D        | Found an ornate altar of the Wu Jian Council.
   238 | D        | Found a shimmering altar of Xom.
   239 | D        | Found a basalt altar of Yredelemnul.
   240 | D        | Found a glowing silver altar of Zin.
   250 | D        | Found a glowing golden altar of the Shining One.
   271 | D        | Reached skill level 10 in Spellcasting
   271 | D        | Reached XP level 5. HP: 12/28 MP: 17/19
   277 | D        | Learned a level 3 spell: Conjure Flame
   281 | D        | Learned a level 3 spell: Inner Flame
   286 | D        | Learned a level 4 spell: Sticky Flame
   292 | D        | Learned a level 5 spell: Fireball
   446 | D        | Noticed a troll
   446 | D        | Noticed an ogre
   450 | D        | Killed an ogre
   450 | D        | Reached skill level 1 in Fighting
   450 | D        | Reached skill level 1 in Short Blades
   450 | D        | Reached skill level 1 in Armour
   465 | D        | Killed a troll
   465 | D        | Reached skill level 11 in Spellcasting
   465 | D        | Reached XP level 6. HP: 20/36 MP: 19/22
   470 | D        | Reached skill level 5 in Dodging
   470 | D        | Reached skill level 12 in Spellcasting
   470 | D        | Reached XP level 7. HP: 24/41 MP: 13/24
   598 | D        | Noticed a green ugly thing
   598 | D        | Noticed a wraith
   609 | D        | Killed a green ugly thing
   609 | D        | Reached skill level 13 in Spellcasting
   609 | D        | Reached XP level 8. HP: 28/48 MP: 6/27
   610 | D        | Reached skill level 5 in Short Blades
   992 | D        | Noticed a hippogriff
   992 | D        | Noticed a rime drake
   992 | D        | Noticed a hippogriff
   997 | D        | Killed a hippogriff
   997 | D        | Reached skill level 14 in Spellcasting
  1001 | D        | Killed a rime drake
  1001 | D        | Reached skill level 5 in Fighting
  1001 | D        | Reached skill level 5 in Armour
  1001 | D        | Reached XP level 9. HP: 54/54 MP: 15/29
  1125 | D        | Became a worshipper of Vehumet
  1255 | D        | Reached skill level 15 in Spellcasting
  1257 | D        | Reached * piety under Vehumet
  1257 | D        | Offered knowledge of Shock by Vehumet.
  1260 | D        | Reached skill level 10 in Fire Magic
  1447 | D        | Noticed a black mamba
  1447 | D        | Noticed a death yak
  1454 | D        | Killed a death yak
  1463 | D        | Offered knowledge of Magic Dart by Vehumet.
  1463 | D        | Reached ** piety under Vehumet
  1469 | D        | Reached skill level 16 in Spellcasting
  1588 | D        | Killed a black mamba
  1588 | D        | Reached *** piety under Vehumet
  1588 | D        | Reached XP level 10. HP: 42/60 MP: 25/32
  1599 | D        | Reached skill level 10 in Conjurations
  1701 | D        | Noticed a death yak
  1701 | D        | Noticed a death yak
  1702 | D        | Noticed a death yak
  1719 | D        | Killed a death yak
  1719 | D        | Offered knowledge of Ignite Poison by Vehumet.
  1719 | D        | Reached **** piety under Vehumet
  1723 | D        | Killed a death yak
  1723 | D        | Reached skill level 10 in Dodging
  1728 | D        | Killed a death yak
  1728 | D        | Reached skill level 17 in Spellcasting
  1735 | D        | Reached ***** piety under Vehumet
  1756 | D        | Noticed a catoblepas
  2026 | D        | Mangled by a catoblepas

Vault maps used:
D:        linesprint

Skill      XL: |  1  2  3  4  5  6  7  8  9 10 |
---------------+-------------------------------+-----
Spellcasting   | 4 8 10 11 12 13 14 16 17 | 17.5
Conjurations   | 2 4 5 6 7 8 9 10 | 10.8
Fire Magic     | 4 5 6 7 8 9 10 11 | 11.4
Fighting       | 2 3 5 6 7 |  7.0
Short Blades   | 3 4 6 7 8 |  8.5
Armour         | 2 3 4 5 6 7 |  7.1
Dodging        | 4 5 6 7 9 10 | 10.4
Stealth        | |  2.4

Action                   |  1- 3 |  4- 6 |  7- 9 | 10-12 || total
-------------------------+-------+-------+-------+-------++-------
Melee: Unarmed           |       |    55 |       |       ||    55
       Scimitar          |       |     7 |     9 |     6 ||    22
 Cast: Flame Tongue      |    15 |    11 |    44 |    29 ||    99
       Sticky Flame      |       |     2 |     5 |     5 ||    12
       Inner Flame       |       |     2 |     7 |     2 ||    11
       Conjure Flame     |       |     1 |     5 |     2 ||     8
       Throw Flame       |       |       |     2 |       ||     2
       Fireball          |       |       |     1 |     3 ||     4
  Use: Potion            |       |     4 |       |     1 ||     5
       Scroll            |       |       |       |     1 ||     1
  Eat: Ration            |       |       |     1 |       ||     1
Armor: Robe              |       |    12 |     4 |     3 ||    19
Dodge: Dodged            |    11 |    45 |    17 |     5 ||    78
       Rpst.: Scimitar   |       |     3 |       |     1 ||     4

Table legend:
 A = Spawn XP
 B = Non-spawn XP
 C = Spawn XP percentage of total XP
 D = Spawn monster count
 E = Non-spawn monster count
 F = Spawn count percentage of total count
 G = Total turns spent on level
                    A         B        C        D         E        F      G
               +---------+---------+-------+---------+---------+-------+---------
         Total |       0 |    9538 |   0.0 |       0 |      47 |   0.0 |  2026
               +---------+---------+-------+---------+---------+-------+---------
             D |       0 |    9538 |   0.0 |       0 |      47 |   0.0 |  2026
               +---------+---------+-------+---------+---------+-------+---------
